 Dungeon Crawl Stone Soup version 0.18-a0-1797-gc18daef (webtiles) character file.

214 macross the Covert (level 5, -1/26 HPs)
             Began as a Spriggan Assassin on Apr 22, 2016.
             Slain by a scorpion (6 damage)
             ... on level 4 of the Dungeon.
             The game lasted 00:13:31 (3876 turns).

macross the Covert (Spriggan Assassin)              Turns: 3876, Time: 00:13:32

Health: -1/26      AC:  4    Str:  7    XL:     5   Next: 59%
Magic:  6/6        EV: 21    Int: 12    God:
Gold:   287        SH:  0    Dex: 19    Spells: 0 memorised, 4 levels left

rFire  + . .     SeeInvis +     a - +2 dagger
rCold  . . .     Gourm    .     z - +1 robe {rF+}
rNeg   + . .     Faith    .     (shield restricted)
rPois  .         Spirit   .     (helmet restricted)
rElec  .         Dismiss  .     d - +0 cloak
rCorr  .         Reflect  .     (gloves unavailable)
SustAt .         Harm     .     (boots unavailable)
MR     .....                    (no amulet)
Stlth  +++++.....               w - ring of positive energy
                                i - +1 ring of evasion

@: lethally poisoned (-1 -> -15), very quick, not resistant to hostile
enchantments, quite stealthy
A: unfitting armour, see invisible, herbivore 3, speed 3, slow metabolism 2
a: no special abilities


You were on level 4 of the Dungeon.
You were hungry.

You visited 1 branch of the dungeon, and saw 4 of its levels.

You collected 298 gold pieces.
You spent 11 gold pieces at shops.

Inventory:

Hand Weapons
 a - a +2 dagger (weapon)
 b - a +0 blowgun
Missiles
 e - 37 poisoned needles
 f - 2 curare-tipped needles
Armour
 c - a +0 robe
 d - a +0 cloak (worn)
 z - a +1 robe of fire resistance (worn)
Jewellery
 i - a +1 ring of evasion (left hand)
 w - a ring of positive energy (right hand)
 y - an uncursed ring of protection from fire
Wands
 q - a wand of paralysis (5/24)
Scrolls
 h - 8 scrolls of identify {unknown}
 j - a scroll of enchant armour {unknown}
 l - 2 scrolls of blinking {unknown}
 m - 3 scrolls of remove curse {unknown}
 n - a scroll of immolation {unknown}
 o - a scroll of recharging {unknown}
 v - 2 scrolls of noise {unknown}
 x - a scroll of magic mapping {unknown}
Potions
 k - a potion of brilliance {unknown}
 p - a potion of lignification {unknown}
 s - a potion of flight {unknown}
 t - a potion of mutation {unknown}
 u - 2 potions of heal wounds
Comestibles
 g - 3 bread rations
 r - 8 fruits


   Skills:
 + Level 1.7 Fighting
 * Level 3.4 Short Blades
 - Level 2.0 Throwing
 * Level 4.1 Dodging
 * Level 8.6 Stealth


You had 4 spell levels left.
You didn't know any spells.

Dungeon Overview and Level Annotations

Branches:
Dungeon (4/15)
 Temple: D:4-7

Altars:
Cheibriados
Qazlal
Xom
The Shining One

Shops:
D:4 [

Annotations:
D:4 skk's ghost, amateur NaEn


Innate Abilities, Weirdness & Mutations

You are tiny and cannot use many weapons and most armour.
You have supernaturally acute eyesight.
You are a herbivore.
You cover ground extremely quickly.
You need consume almost no food.


Message History

You feel sick. The scorpion closely misses you.
You hit the scorpion but do no damage.
The scorpion is moderately wounded.
The scorpion stings you.
You are lethally poisoned!
The scorpion poisons you!
You feel sick.
You feel sick.
You feel sick.
You feel sick.
You feel sick.
* * * LOW HITPOINT WARNING * * *
You feel sick.
* * * LOW HITPOINT WARNING * * *
You feel sick.
You see here a potion of heal wounds.
u - 2 potions of heal wounds (gained 1)
* * * LOW HITPOINT WARNING * * *
You feel sick. The scorpion stings you.
You die...

# . .. # .. .. # #. .# #
#. .# # #.##.# ##### #
#..#.# ######.>.#### .
#..#.# #...........# ..#
#..@.# #........##.. ...
#..s## #............ ..
##..## #)...........
#.###....# #............
#........###..........##
#####...............#.#
#....#####.####.....
#...........# ##..#.
#...........# ##...


You could see a scorpion.

Vanquished Creatures
  A scorpion (D:4)
  An iguana (D:4)
  6 adders
  An ooze (D:1)
  An adder skeleton (D:4)
  3 dart slugs
  2 worms
  4 giant geckos
  2 orcs (D:3)
  A ball python (D:3)
  3 giant cockroaches
  6 hobgoblins
  2 jackals (D:2)
  5 kobolds
  A quokka (D:3)
  6 bats
  4 giant newts
  10 goblins
  7 rats
  A fungus (D:2)
67 creatures vanquished.

Notes
Turn   | Place    | Note
--------------------------------------------------------------
     0 | D:1      | macross the Spriggan Assassin began the quest for the Orb.
     0 | D:1      | Reached XP level 1. HP: 10/10 MP: 2/2
   121 | D:1      | Reached skill level 6 in Stealth
   343 | D:1      | Reached XP level 2. HP: 14/14 MP: 3/3
   886 | D:1      | Reached skill level 7 in Stealth
  1005 | D:1      | Reached XP level 3. HP: 18/18 MP: 4/4
  1666 | D:2      | Found a stormy altar of Qazlal.
  2240 | D:2      | Reached XP level 4. HP: 23/23 MP: 5/5
  2345 | D:2      | Found a shimmering altar of Xom.
  2505 | D:2      | Found a snail-covered altar of Cheibriados.
  2998 | D:3      | Noticed a centaur
  3167 | D:3      | Reached skill level 8 in Stealth
  3367 | D:4      | Found Eluetoll's Antique Armour Emporium.
  3373 | D:4      | Reached XP level 5. HP: 23/26 MP: 6/6
  3378 | D:4      | Bought a runed robe for 11 gold pieces
  3455 | D:4      | Found a glowing golden altar of the Shining One.
  3510 | D:4      | Noticed skk's ghost (amateur NaEn)
  3876 | D:4      | Slain by a scorpion

Vault maps used:
D:1:      dpeg_chamrin_arrival_tetris
D:2:      nicolae_overflow_crystal_walls, lemuel_doored_altar,
          overflow_temple_1_default, serial_glass, glass_columns_b,
          glass_columns_b, minmay_gold_behind_fungi
D:3:      forest_paths
D:4:      led_sif_pool, tso_altar, serial_shops, nicolae_shop_statue_plus,
          first_bread, uniq_menkaure

Skill      XL: |  1  2  3  4  5 |
---------------+----------------+-----
Stealth        | 6 7 8 |  8.6
Dodging        | 2 3 4 |  4.1
Short Blades   | 3 |  3.4
Fighting       | |  1.7
Throwing       | |  2.0

Action                   |  1- 3 |  4- 6 || total
-------------------------+-------+-------++-------
Melee: Dagger            |   141 |   157 ||   298
 Stab: Sleeping          |    10 |    15 ||    25
       Distracted        |       |     1 ||     1
Armor: Robe              |    12 |     6 ||    18
Dodge: Dodged            |    78 |    99 ||   177
